 Dungeon Crawl Stone Soup version 0.19.4-9-g45fd643 (webtiles) character file.

19075 Gorglomux the Fighter (level 12, -6/98 HPs)
             Began as a Mummy Monk on Feb 18, 2017.
             Was a High Priest of Ashenzari.
             Killed from afar by a rime drake (23 damage)
             ... with a flash freeze
             ... on level 4 of the Lair of Beasts.
             The game lasted 00:37:32 (12129 turns).

Gorglomux the Fighter (Mummy Monk)                 Turns: 12129, Time: 00:37:33

Health: -6/98      AC: 13    Str: 14    XL:     12   Next: 33%
Magic:  16/16      EV: 15    Int: 14    God:    Ashenzari [*****.]
Gold:   464        SH:  5    Dex: 15    Spells: 1 memorised, 11 levels left

rFire  . . .     SeeInvis +     c - +3 whip (freeze) (curse)
rCold  . . .     Gourm    .     e - +0 ring mail (curse)
rNeg   + + +     Faith    .     v - +0 buckler (curse)
rPois  ∞         Spirit   .     d - +2 helmet (curse)
rElec  .         Reflect  .     G - +0 cloak
rCorr  .         Harm     .     h - +0 pair of gloves
MR     +....     Clarity  +     V - +0 pair of boots
Stlth  +.........               r - amulet of regeneration (curse)
                                Z - ring of fire
                                y - +3 ring of slaying

@: no status effects
A: no food or potions, fire vulnerability, cold resistance 1, negative energy
resistance 3, torment resistance, unbreathing
a: Curse Item, Scrying, Transfer Knowledge, Renounce Religion


You were on level 4 of the Lair of Beasts.
You worshipped Ashenzari.
Ashenzari was extremely pleased with you.
You were not hungry.

You visited 2 branches of the dungeon, and saw 14 of its levels.
You also visited: Bailey.

You collected 819 gold pieces.
You spent 355 gold pieces at shops.

Inventory:

Hand Weapons
 c - a cursed +3 whip of freezing (weapon)
Missiles
 E - 4 tomahawks (quivered)
 P - 2 javelins
 S - 69 poisoned needles
Armour
 d - a cursed +2 helmet (worn)
 e - a cursed +0 ring mail (worn)
 h - a +0 pair of gloves (worn)
 v - a cursed +0 buckler (worn)
 G - a +0 cloak (worn)
 J - a +0 hat of magic resistance
 V - a +0 pair of boots (worn)
Jewellery
 l - an uncursed ring of flight
 r - a cursed amulet of regeneration (around neck)
 x - an uncursed ring of stealth
 y - a +3 ring of slaying (left hand)
 Z - a ring of fire (right hand)
Wands
 C - a wand of confusion (24/48)
 D - a wand of digging (13/24)
 I - a wand of digging (9/24)
 L - a wand of lightning (14/15)
 U - a wand of slowing (20/48)
Scrolls
 z - a scroll of summoning {unknown}
 B - 2 scrolls of blinking
 F - 3 scrolls of recharging
 H - a scroll of brand weapon
 K - a scroll of torment
 M - 3 scrolls of magic mapping
 N - a scroll of fear
 O - a scroll of immolation
 Q - 4 scrolls of noise
 R - 4 scrolls of identify
 T - 6 scrolls of teleportation
 W - 2 scrolls of fog
 X - 2 scrolls of enchant armour
Miscellaneous
 Y - a lamp of fire (inert)


   Skills:
 + Level 10.3 Fighting
 - Level 10.2(14.0) Maces & Flails
 - Level 7.0 Armour
 - Level 8.0 Dodging
 - Level 1.5 Stealth
 - Level 2.6(4.8) Shields
 - Level 3.2 Spellcasting
 + Level 0.0 Conjurations
 + Level 0.0 Earth Magic
 + Level 3.0 Evocations


You had 11 spell levels left.
You knew the following spells:

 Your Spells              Type           Power        Failure   Level  Hunger
a - Iron Shot             Conj/Erth      #.........   100%        6    N/A

Dungeon Overview and Level Annotations

Branches:
Dungeon (10/15)            Temple (0/1) D:7            Lair (4/6) D:9
  Swamp (0/4) Lair:3        Snake (0/4) Lair:2
    Orc: D:9-12

Altars:
Ashenzari
Cheibriados
Elyvilon
Hepliaklqana
Makhleb
Nemelex Xobeh
Okawaru
Qazlal
Ru
Sif Muna
Trog
Xom
The Shining One

Shops:
D:4 *   D:7 *   D:9 ?

Annotations:
Lair:1 2 exclusions


Innate Abilities, Weirdness & Mutations

You do not eat or drink.
Your flesh is vulnerable to fire.
You are immune to poison.
Your flesh is cold resistant. (rC+)
You are immune to negative energy. (rN+++)
You are immune to unholy pain and torment.
You can survive without breathing.


Message History

* * * LOW HITPOINT WARNING * * *
You are encased in ice.
The rime drake bites the fungus.
Blink to where?
Press: ? - help, Dir - move target cursor, f - you
Okay, then.
As you read the scroll of fear, it crumbles to dust.
You assume a fearsome visage.
The elephant looks frightened!
The elephant easily resists.
The elephant looks frightened!
The elephant trumpets!
The rime drake looks frightened!
Unknown command.
The ice encasing you melts away. The elephant closely misses you.
The elephant trunk-slaps you.
* * * LOW HITPOINT WARNING * * *
The rime drake hisses angrily.
The rime drake seems to regain its courage.
The rime drake breathes ice at you. The flash freeze hits you!
You die...

#...................
,,
###............YP#.##,
* #P..............# ,
* ##..#...#...#.... *
* #...#..#..#....# *,
#..##......##... * ,*
#...........#... ,
##.##Y.......... , ,
#.P##.@..###..P *, , *
#..##....##...# * ,*
#.............#* *, *
#Y.k.......... ,,
#............. , , ,
#.###.#.####.. * *,
### ##### .# * * **


You could see 3 elephants and a rime drake.

Vanquished Creatures
  Gastronok (Lair:3)
  The ghost of Mesmaeker13 the Tainter, a novice GrVM (D:10)
  An unseen horror (D:9)
  A hill giant (D:10)
  An elephant (Lair:4)
  A black mamba (Lair:3)
  6 spiny frogs
  A gargoyle (D:10)
  The ghost of Eremar the Basher, a novice MiFi (D:5)
  4 komodo dragons
  A rime drake (Lair:3)
  2 trolls
  3 blink frogs (Lair:3)
  Prince Ribbit (D:9)
  4 hippogriffs
  Sigmund (D:2)
  5 yaks
  2 wyverns
  A steam dragon (D:9)
  Grum (D:9)
  5 vampire mosquitoes (Lair:3)
  6 swamp worms (Lair:3)
  An insubstantial wisp (Lair:3)
  12 water moccasins
  3 porcupines
  4 orc warriors
  4 phantoms
  2 ice beasts (D:5)
  4 ogres
  7 wolves
  A centaur (D:10)
  6 crocodiles
  14 bullfrogs
  A gnoll sergeant (D:9)
  A wyvern skeleton (D:8)
  A water moccasin skeleton (D:6)
  3 scorpions
  2 howler monkeys (D:9)
  2 electric eels
  5 crimson imps
  A centaur zombie (D:7)
  3 bullfrog zombies
  4 jellies
  5 hounds
  5 orc wizards
  2 orc priests
  2 bullfrog skeletons
  Ijyb (D:2)
  Terence (D:2)
  6 iguanas
  11 worker ants
  2 killer bee zombies
  6 gnolls
  15 adders
  3 shadow imps
  9 oozes
  2 adder skeletons
  A worm (D:4)
  2 dart slugs
  6 leopard geckos
  34 orcs
  6 giant cockroaches
  7 goblins
  9 hobgoblins
  6 jackals
  2 kobolds
  2 quokkas (D:6)
  3 ball pythons
  20 bats
  7 frilled lizards
  3 jackal skeletons
  A leopard gecko skeleton (D:4)
  19 rats
  A plant (Lair:3)
330 creatures vanquished.

Vanquished Creatures (others)
  6 fungi
  3 plants
9 creatures vanquished.

Grand Total: 339 creatures vanquished

Notes
Turn   | Place    | Note
-------+----------+-------------------------------------------
     0 | D:1      | Gorglomux the Mummy Monk began the quest for the Orb.
     0 | D:1      | Reached XP level 1. HP: 18/18 MP: 1/1
     7 | D:1      | Found a snail-covered altar of Cheibriados.
   474 | D:1      | Reached XP level 2. HP: 22/24 MP: 2/2
   512 | D:1      | Reached skill level 3 in Maces & Flails
   851 | D:2      | Reached XP level 3. HP: 29/29 MP: 3/3
   916 | D:2      | Noticed Ijyb
   923 | D:2      | Paralysed by Ijyb for 5 turns
   941 | D:2      | Killed Ijyb
  1012 | D:2      | Noticed Sigmund
  1023 | D:2      | Killed Sigmund
  1023 | D:2      | Reached XP level 4. HP: 31/35 MP: 4/4
  1023 | D:2      | Reached XP level 5. HP: 37/41 MP: 5/5
  1190 | D:2      | Noticed Terence
  1201 | D:2      | Killed Terence
  1458 | D:2      | Reached XP level 6. HP: 46/47 MP: 6/6
  1639 | D:3      | Found a hazy altar of Hepliaklqana.
  1640 | D:3      | Found a white marble altar of Elyvilon.
  1842 | D:3      | Reached skill level 6 in Maces & Flails
  2085 | D:3      | Found a sparkling altar of Nemelex Xobeh.
  2420 | D:4      | Found a burning altar of Makhleb.
  2421 | D:4      | Found a shimmering altar of Xom.
  2563 | D:4      | Found Ruodghat's Assorted Antiques.
  2583 | D:4      | Bought a scroll labeled VYHACZ HOPSAIC for 25 gold pieces
  2583 | D:4      | Bought a twisted steel ring for 125 gold pieces
  2583 | D:4      | Bought a scroll labeled MUH RI IP MUTO for 25 gold pieces
  2893 | D:4      | Reached XP level 7. HP: 42/52 MP: 7/7
  2977 | D:4      | Found a sacrificial altar of Ru.
  3034 | D:5      | Entered Level 5 of the Dungeon
  3051 | D:5      | Found a bloodstained altar of Trog.
  3085 | D:5      | Noticed Eremar's ghost (novice MiFi)
  3601 | D:5      | Reached XP level 8. HP: 58/58 MP: 8/8
  3745 | D:5      | Found a shattered altar of Ashenzari.
  3746 | D:5      | Found a glowing golden altar of the Shining One.
  3751 | D:5      | Became a worshipper of Ashenzari the Shackled
  3751 | D:5      | Reached * piety under Ashenzari
  3751 | D:5      | Reached ** piety under Ashenzari
  3991 | D:6      | Reached skill level 9 in Maces & Flails
  3997 | D:6      | Noticed a hippogriff
  4011 | D:6      | Killed a hippogriff
  4351 | D:5      | Killed Eremar's ghost
  4351 | D:5      | Reached XP level 9. HP: 26/63 MP: 9/9
  4727 | D:7      | Reached skill level 3 in Dodging
  4824 | D:7      | Found Guciogeo's General Store.
  4832 | D:7      | Bought a scroll of identify for 30 gold pieces
  4832 | D:7      | Bought a scroll of teleportation for 45 gold pieces
  5008 | D:7      | Found a staircase to the Ecumenical Temple.
  5019 | D:7      | Found an iron altar of Okawaru.
  5357 | D:8      | Found a flagged portal.
  5412 | Bailey   | Entered a bailey
  5947 | D:8      | Reached skill level 6 in Fighting
  6077 | D:8      | Found a bloodstained altar of Trog.
  6305 | D:9      | Found Arilaki's Magic Scroll Shop.
  6312 | D:9      | Bought a scroll of fear for 49 gold pieces
  6312 | D:9      | Bought a scroll of remove curse for 42 gold pieces
  6312 | D:9      | Bought a scroll of random uselessness for 14 gold pieces
  6349 | D:9      | Reached XP level 10. HP: 68/77 MP: 10/10
  6572 | D:9      | Noticed Grum
  6670 | D:9      | Reached *** piety under Ashenzari
  6672 | D:9      | Found a deep blue altar of Sif Muna.
  6747 | D:9      | Killed Grum
  6764 | D:9      | Reached skill level 1 in Armour
  6864 | D:9      | Reached skill level 6 in Dodging
  7077 | D:9      | Noticed an unseen horror
  7155 | D:9      | Killed an unseen horror
  7155 | D:9      | Reached skill level 3 in Armour
  7235 | D:9      | Found a staircase to the Lair.
  7362 | D:9      | Noticed Prince Ribbit
  7473 | D:9      | Found a stormy altar of Qazlal.
  7528 | D:9      | Killed Prince Ribbit
  7528 | D:9      | Reached skill level 1 in Shields
  7699 | D:10     | Entered Level 10 of the Dungeon
  7833 | D:10     | Noticed a hill giant
  7855 | D:10     | Killed a hill giant
  7945 | D:10     | Noticed Mesmaeker13's ghost (novice GrVM)
  8119 | D:10     | Killed Mesmaeker13's ghost
  8119 | D:10     | Reached XP level 11. HP: 59/84 MP: 11/11
  8640 | Lair:1   | Entered Level 1 of the Lair of Beasts
  8640 | Lair:1   | Reached **** piety under Ashenzari
  8939 | Lair:1   | Noticed a four-headed hydra
  9498 | Lair:2   | Found a staircase to the Snake Pit.
  9793 | Lair:1   | Reached skill level 6 in Armour
 10123 | Lair:2   | Reached skill level 9 in Fighting
 10820 | Lair:3   | Reached ***** piety under Ashenzari
 11009 | Lair:3   | Reached skill level 1 in Evocations
 11016 | Lair:3   | Noticed Gastronok
 11045 | Lair:3   | Killed Gastronok
 11045 | Lair:3   | Reached XP level 12. HP: 83/97 MP: 12/15
 11506 | Lair:3   | Found a staircase to the Swamp.
 11600 | Lair:3   | Reached skill level 3 in Spellcasting
 11778 | Lair:1   | Learned a level 6 spell: Iron Shot
 11939 | Lair:4   | Reached skill level 3 in Evocations
 11940 | Lair:4   | Noticed a six-headed hydra
 12129 | Lair:4   | Killed from afar by a rime drake

Skill      XL: |  1  2  3  4  5  6  7  8  9 10 11 12 |
---------------+-------------------------------------+-----
Maces & Flails | 3 5 6 8 10 | 10.2
Dodging        | 5 7 8 |  8.0
Fighting       | 6 7 9 10 | 10.3
Armour         | 3 7 |  7.0
Shields        | 2 |  2.6
Evocations     | 2 3 |  3.0
Spellcasting   | 2 3 |  3.2
Stealth        | |  1.5

Action                   |  1- 3 |  4- 6 |  7- 9 | 10-12 || total
-------------------------+-------+-------+-------+-------++-------
Melee: Whip              |    77 |   294 |   548 |   959 ||  1878
       Mace              |     8 |       |       |       ||     8
Throw: Tomahawk          |       |       |       |    13 ||    13
       Throwing net      |       |       |       |     2 ||     2
Invok: Curse Item        |       |       |     3 |     1 ||     4
Evoke: Wand              |     1 |       |     1 |     8 ||    10
       Lamp of fire      |       |       |       |     1 ||     1
  Use: Scroll            |       |       |    17 |     6 ||    23
 Stab: Paralysed         |     7 |       |     5 |       ||    12
       Sleeping          |       |     3 |       |       ||     3
       Held in net/web   |       |       |       |     1 ||     1
       Distracted        |       |       |       |     1 ||     1
       Confused          |       |       |       |     2 ||     2
Armor: Ring mail         |    23 |    84 |   143 |   165 ||   415
       Robe              |     2 |       |       |       ||     2
Dodge: Dodged            |    62 |   110 |   262 |   333 ||   767
Block: Buckler           |       |       |       |    86 ||    86
